Map: Curious Minds LE

Players

CapitanBro

  • Race: Protoss Protoss
  • League: Gold
  • Spawn Location: 11:00

PYLONOOB - Winner!

  • Race: Protoss Protoss
  • League: Gold
  • Spawn Location: 5:00

VOD

Have the link to the VOD?

Description

Rule: only pylons, probes and nexus.

Time

  • Played on: June 15, 2022, 6:31 p.m.
  • Length: 11:34
Show
View Real Time Build Order
Export as new Build Order

CapitanBro Protoss 

Build Orders:  

Get SALT Encoding   

  12  0:06  Probe  
  13  0:20  Pylon  
  13  0:21  Probe (Chrono Boost)  
  14  0:31  Probe (Chrono Boost)  
  15  0:45  Assimilator  
  15  0:46  Probe  
  15  0:49  Gateway  
  16  0:58  Probe  
  17  1:10  Probe  
  18  1:28  Assimilator  
  18  1:34  Assimilator  
  18  1:41  Zealot (Chrono Boost)  
  20  2:05  Zealot (Chrono Boost)  
  22  4:05  Pylon  
  22  4:23  Zealot  
  24  4:34  Cybernetics Core  
  24  6:06  Zealot  
Show
View Real Time Build Order
Export as new Build Order

PYLONOOB Protoss - Winner!

Build Orders:  

Get SALT Encoding   

  12  0:41  Pylon x2  
  12  0:44  Pylon  
  12  0:55  Assimilator  
  12  1:22  Probe  
  13  1:34  Probe  
  14  1:46  Probe  
  15  1:53  Nexus  
  15  1:58  Pylon, Probe  
  16  2:01  Pylon  
  16  2:04  Pylon  
  16  2:11  Pylon  
  16  2:23  Pylon  
  16  2:27  Pylon  
  16  2:35  Pylon  
  15  2:45  Pylon  
  15  2:51  Pylon  
  15  3:00  Pylon  
  15  3:05  Pylon  
  15  3:10  Pylon  
  15  3:18  Pylon  
  15  3:24  Probe (Chrono Boost)  
  16  3:33  Pylon, Probe (Chrono Boost)  
  17  3:46  Probe  
  16  3:49  Pylon  
  16  3:58  Probe  
  17  4:04  Pylon  
  17  4:11  Pylon  
  17  4:13  Pylon  
  18  4:24  Probe (Chrono Boost)  
  18  4:31  Pylon  
  18  4:33  Probe (Chrono Boost)  
  18  4:36  Pylon  
  19  4:38  Probe (Chrono Boost)  
  20  4:53  Pylon  
  19  5:21  Probe  
  19  5:37  Nexus  
  19  5:48  Pylon  
  19  5:52  Probe (Chrono Boost)  
  19  6:03  Probe (Chrono Boost)  
  17  6:08  Probe (Chrono Boost)  
  18  6:15  Probe (Chrono Boost)  
  19  6:20  Probe (Chrono Boost)  
  15  6:32  Probe  
  6  7:02  Probe  
  6  7:05  Probe  
  5  7:14  Probe  
  5  7:17  Probe (Chrono Boost)  
  6  7:29  Probe (Chrono Boost)  
  8  7:32  Probe (Chrono Boost)  
  9  7:37  Probe (Chrono Boost)  
  9  7:39  Probe (Chrono Boost)  
  9  7:40  Probe (Chrono Boost)  
  9  7:44  Probe  
  8  7:56  Probe  
  8  8:08  Probe  
  9  8:20  Probe  
  9  8:24  Pylon  
  10  8:32  Probe (Chrono Boost)  
  11  8:40  Probe (Chrono Boost)  
  13  8:42  Probe (Chrono Boost)  
  13  8:47  Probe (Chrono Boost)  
  10  9:44  Probe (Chrono Boost)  
  10  9:55  Probe (Chrono Boost)  
  12  10:00  Probe (Chrono Boost)  
  12  10:05  Probe (Chrono Boost)  
  13  10:13  Probe (Chrono Boost)  
  14  10:18  Probe (Chrono Boost)  
  15  10:28  Probe x2 (Chrono Boost)  
  18  10:36  Probe (Chrono Boost)  
  18  10:38  Probe (Chrono Boost)  
  20  10:47  Probe (Chrono Boost)  
  20  10:48  Probe (Chrono Boost)  
  20  10:49  Probe (Chrono Boost)  
  23  10:57  Probe (Chrono Boost)  
  24  11:06  Probe x2 (Chrono Boost)  
  24  11:08  Probe (Chrono Boost)  
  26  11:14  Probe (Chrono Boost)  
  26  11:15  Probe (Chrono Boost)  
  27  11:20  Probe (Chrono Boost)  
Tags
 
League
GoldGold
Matchup
PvP
Spawn Locations
Cross Positions
Add a new tag
Caveats
  • Supply blocks, unpowered buildings, or Contaminate may cause inaccurate times.
  • Supply counts are checked every 10 seconds.